 Dungeon Crawl Stone Soup version 0.25-a0-566-g062765be81 (webtiles) character file.

Game seed: 4190588754630938217, levelgen mode: deterministic

0 Gargoyl the Skirmisher (level 1, -18/19 HPs)
             Began as a Centaur Abyssal Knight on Feb 27, 2020.
             Was a Follower of Lugonu.
             Demolished by a large abomination (26 damage)
             ... on level 1 of the Abyss.
             The game lasted 00:00:06 (32 turns).

Gargoyl the Skirmisher (Centaur Abyssal Knight)       Turns: 32, Time: 00:00:07

Health: -18/19     AC:  4    Str: 14    XL:     1   Next: 0%
Magic:  2/2        EV:  9    Int: 11    God:    Lugonu [*.....]
Gold:   0          SH:  0    Dex:  8    Spells: 0/0 levels left

rFire    . . .     SeeInvis .   a - +1 hand axe
rCold    . . .     Gourm    .   (no shield)
rNeg     . . .     Faith    .   b - +0 leather armour
rPois    .         Spirit   .   (no helmet)
rElec    .         Reflect  .   (no cloak)
rCorr    .         Harm     .   (no gloves)
MR       .....                  (no barding)
Stlth    ..........             (no amulet)
HPRegen  0.06/turn              (no ring)
MPRegen  0.08/turn              (no ring)

@: very quick
A: large, hooves 3, deformed body, speed 2, tough skin 3
a: Depart the Abyss, Renounce Religion


You were on level 1 of the Abyss.
You worshipped Lugonu.
Lugonu was aware of your devotion.
You were not hungry.

You visited 0 branches of the dungeon, and saw 0 of its levels.
You visited the Abyss 1 time.

Inventory:

Hand Weapons
 a - a +1 hand axe (weapon)
Armour
 b - a +0 leather armour (worn)
Comestibles
 c - a ration


   Skills:
 + Level 3.0 Fighting
 + Level 1.7 Axes
 + Level 1.3 Armour
 + Level 0.6 Dodging
 + Level 2.0 Invocations


You couldn't memorise any spells.
You didn't know any spells.
Your spell library was empty.

Dungeon Overview and Level Annotations

Branches:
Dungeon (0/15)

Altars:


Innate Abilities, Weirdness & Mutations

You have hooves in place of feet.
Armour fits poorly on your strangely shaped body.
You cover ground very quickly.
You have extremely tough skin. (AC +3)


Message History

The tormentor calls on the powers of darkness!
Your body is wracked with pain!
A large abomination comes into view.
Found 11 gold pieces.
A starspawn tentacle comes into view.
Unknown command.
The guardian serpent weaves intricate patterns with the tip of its tongue.
The tormentor blinks!
The shadow dragon zombie blinks!
The tormentor hits you.
You writhe in agony.
The tormentor hits you but does no damage.
Found 25 gold pieces.
Unknown command.
You barely miss the tormentor.
You hit the large abomination but do no damage.
You hit the guardian serpent. You hit the shadow dragon zombie.
The guardian serpent closely misses you.
The tormentor gestures at you.
You barely resist. The large abomination hits you!!
Ouch! That really hurt!
You die...

#### §≈$ #
#w####
#.##X##.##.##§
#≈XZSX.≈..≈3.§
$##@##.##X##§
#2#### ...
##.## #+# . #


You could see a tentacled starspawn, 2 large abominations, a guardian serpent, a
tormentor, a ynoxinul, a starspawn tentacle and a shadow dragon zombie.

Vanquished Creatures (others)
  A starspawn tentacle (Abyss:1)
1 creature vanquished.

Notes
Turn   | Place    | Note
-------+----------+-------------------------------------------
     0 | Abyss:1  | Gargoyl the Centaur Abyssal Knight began the quest for the
                  | Orb.
     0 | Abyss:1  | Reached XP level 1. HP: 19/19 MP: 2/2
    27 | Abyss:1  | Noticed a tormentor
    27 | Abyss:1  | Noticed a guardian serpent
    28 | Abyss:1  | Noticed a ynoxinul
    29 | Abyss:1  | Noticed a large abomination
    30 | Abyss:1  | Noticed a shadow dragon zombie
    30 | Abyss:1  | Noticed a tentacled starspawn
    30 | Abyss:1  | Noticed a large abomination
    32 | Abyss:1  | Demolished by a large abomination

Levels and vault maps discovered:
Abyss:1:  grunt_abyss_exit_deep_breaths, hangedman_cross_veins

Action                   || total
-------------------------++-------
Melee: Hand axe          ||     1
  Use: Scroll            ||     1
Armor: Leather armour    ||     1
Dodge: Dodged            ||     1

Table legend:
 A = Non-vault XP
 B = Vault XP
 C = Vault XP percentage of total XP
 D = Non-vault monster count
 E = Vault monster count
 F = Vault count percentage of total count
                 A         B        C        D         E       F
            +---------+---------+-------+---------+---------+-------
      Total |       0 |       0 |   N/A |       0 |       0 |  -nan
            +---------+---------+-------+---------+---------+-------
            +---------+---------+-------+---------+---------+-------
